Description

Safe opening TvX

Replay - WipeR - Sous-marin EC

Build Order

Get SALT Encoding   

  12  0:00  SCV  
  13  0:17  SCV  
  14  0:25  Supply Depot  
  14  0:34  SCV  
  15  0:44  Refinery  
  15  0:55  SCV  
  16  1:03  Barracks  
  16  1:11  SCV  
  17  1:28  SCV, Refinery  
  18  1:45  SCV  
  19  2:02  SCV  
  20  2:15  Reaper  
  21  2:22  Orbital Command  
  21  2:23  Supply Depot  
  21  2:28  Factory  
  22  3:00  SCV, Reaper  
  23  3:11  Supply Depot  
  23  3:17  SCV  
  24  3:30  Starport  
  24  3:31  Factory Tech Lab  
  24  3:45  Reaper  
  26  3:58  Cyclone  
  30  4:17  Supply Depot  
  34  4:38  Widow Mine  
  34  4:43  Command Center  
  36  4:58  Barracks Reactor  
  37  5:24  Marine x2  
  37  5:51  Siege Tank  
  37  5:52  Marine x2  
  37  5:59  Engineering Bay  
  43  6:03  Barracks  
  43  6:07  Starport Tech Lab  
  43  6:10  Barracks  
  44  6:21  Supply Depot  
  41  7:27  Factory Tech Lab  
  41  7:35  Marine x2  
  43  7:41  Starport Reactor  
  43  7:43  Missile Turret x2  
Spawning Tool Build Advisor. Get it on Overwolf

Analysis

.

Go to:

Details

  • Created by: WipeR
  • Published on: Dec 28, 2020
  • Modified on: Dec 28, 2020
  • Patch: 4.11.0
  • Difficulty: Easy
Show
View Real Time Build Order
Export as new Build Order

Comments (0)

There are no comments. Be the first!

Create an account to comment!